 Dungeon Crawl Stone Soup version 0.25-a0-1073-gf4359a17dd (webtiles) character file.

Game seed: 12681673646803790064, levelgen mode: deterministic

866 Flugslaktarn the Chopper (level 7, 0/66 HPs)
             Began as a Deep Dwarf Fighter on May 14, 2020.
             Slain by an ogre
             ... wielding a +0 giant club
              (5 damage)
             ... on level 5 of the Dungeon.
             The game lasted 00:01:25 (1624 turns).

Flugslaktarn the Chopper (Deep Dwarf Fighter)       Turns: 1624, Time: 00:01:25

Health: 0/66       AC:  9    Str: 21    XL:     7   Next: 72%
Magic:  4/4        EV:  7    Int:  9    God:
Gold:   108        SH: 10    Dex: 12    Spells: 6/6 levels left

rFire    . . .     SeeInvis .   a - +0 war axe
rCold    . . .     Gourm    .   c - +0 kite shield
rNeg     . . .     Faith    .   b - +0 scale mail
rPois    .         Spirit   .   (no helmet)
rElec    .         Reflect  .   (no cloak)
rCorr    .         Harm     .   u - +0 pair of gloves
MR       +....                  j - +0 pair of boots
Stlth    ..........             (no amulet)
HPRegen  0.00/turn              (no ring)
MPRegen  0.09/turn              (no ring)

@: non-regenerating
A: damage resistance, heal wounds, sense surroundings 1, no regeneration
a: Heal Wounds


You were on level 5 of the Dungeon.
You were not hungry.

You visited 1 branch of the dungeon, and saw 5 of its levels.
You also visited: Ossuary.

You collected 108 gold pieces.

Inventory:

Hand Weapons
 a - a +0 war axe (weapon)
Armour
 b - a +0 scale mail (worn)
 c - a +0 kite shield (worn)
 j - a +0 pair of boots (worn)
   (You found it on level 1 of the Dungeon)
 u - a +0 pair of gloves (worn)
   (You found it on level 4 of the Dungeon)
Jewellery
 m - an uncursed amulet of the acrobat
   (You took it off a kobold on level 2 of the Dungeon)
Scrolls
 f - a scroll of amnesia {unknown}
 g - a scroll of enchant armour {unknown}
 i - 6 scrolls of identify {unknown}
 k - a scroll of teleportation {unknown}
 o - 2 scrolls of blinking {unknown}
 q - 4 scrolls of remove curse {unknown}
 r - a scroll of fear {unknown}
 t - a scroll of enchant weapon {unknown}
Potions
 d - a potion of might
 h - a potion of heal wounds {unknown}
 l - 2 potions of curing {unknown}
 n - a potion of lignification {unknown}
 p - 4 potions of degeneration {unknown}
 s - 2 potions of magic {unknown}
 w - a potion of berserk rage {unknown}
Comestibles
 e - 4 rations
 v - 6 chunks of flesh


   Skills:
 + Level 4.5 Fighting
 * Level 6.4 Axes
 + Level 5.4 Armour
 + Level 5.3 Shields


You had 6 spell levels left.
You didn't know any spells.
Your spell library was empty.

Dungeon Overview and Level Annotations

Branches:
Dungeon (5/15)            Ossuary (visited)
 Temple: D:4-7

Altars:
Ashenzari
Dithmenos
Hepliaklqana


Innate Abilities, Weirdness & Mutations

You are resistant to damage.
You can heal yourself by infusing magical energy.
You passively map a small area around you.
You do not regenerate.


Message History

You bump into the rock wall.
The ogre completely misses you.
Your shield and scale mail prevent you from hitting the ogre.
The ogre is moderately wounded.
The ogre hits you with a +0 giant club!
* * * LOW HITPOINT WARNING * * *
You bump into the rock wall.
You feel less confused. You block the ogre's attack.
You hit the ogre.
The ogre is moderately wounded.
You block the ogre's attack.
You hit the ogre.
The ogre is heavily wounded.
The orc priest invokes the aid of Beogh against you.
Beogh smites you!
* * * LOW HITPOINT WARNING * * *
You hit the ogre.
The ogre is severely wounded.
The ogre hits you with a +0 giant club!
You die...

##.# .#*
* ,
#.###.# *
* , , *
#.....# ,
, *
###.### ,
, *, #.#
, , * *
#.# * * *
#.# * ,
,* #)#
#@# , ,,
*#O#
......o{#
*
..####5o#
* #..#
#.$# #..#
#..# *
#... ,


You could see an ogre, an orc priest, a shadow imp and an orc.

Vanquished Creatures
  An ice beast (D:5)
  An ogre (D:4)
  A sky beast (D:5)
  A centaur (D:5)
  An elf zombie (Ossuary)
  A bullfrog (D:4)
  A scorpion (D:4)
  A howler monkey (D:4)
  A centaur zombie (Ossuary)
  An orc priest (D:4)
  2 iguanas (D:4)
  2 worker ants
  A big kobold zombie (Ossuary)
  2 mummies (Ossuary)
  4 adders
  4 adder zombies (Ossuary)
  2 worms (D:2)
  3 dart slugs
  A leopard gecko (D:4)
  3 orcs
  2 giant cockroaches
  A goblin (D:2)
  A hobgoblin (D:2)
  A quokka (D:4)
  A ball python (D:2)
  3 bats (D:2)
  2 goblin zombies (Ossuary)
  12 hobgoblin zombies (Ossuary)
  2 kobolds (D:2)
  5 kobold zombies (Ossuary)
  5 orc zombies (Ossuary)
  5 rats
74 creatures vanquished.

Notes
Turn   | Place    | Note
-------+----------+-------------------------------------------
     0 | D:1      | Flugslaktarn the Deep Dwarf Fighter began the quest for the
                  | Orb.
     0 | D:1      | Reached XP level 1. HP: 20/20 MP: 1/1
   232 | D:2      | Reached XP level 2. HP: 17/27 MP: 2/2
   275 | D:2      | Found a shattered altar of Ashenzari.
   416 | D:2      | Found a shadowy altar of Dithmenos.
   425 | D:2      | Reached skill level 3 in Axes
   459 | D:2      | Reached XP level 3. HP: 33/34 MP: 3/3
   641 | D:4      | Found a hazy altar of Hepliaklqana.
   652 | D:4      | Noticed a bullfrog
   663 | D:4      | Killed a bullfrog
   663 | D:4      | Reached XP level 4. HP: 28/42 MP: 4/4
   702 | D:4      | Reached skill level 4 in Axes
   702 | D:4      | Reached XP level 5. HP: 25/49 MP: 5/5
   861 | D:4      | Found a sand-covered staircase.
   901 | D:4      | Reached XP level 6. HP: 25/56 MP: 6/6
   929 | Ossuary  | Entered an ossuary
  1063 | Ossuary  | Reached skill level 5 in Axes
  1228 | D:4      | Reached XP level 7. HP: 23/64 MP: 7/7
  1250 | D:4      | Reached skill level 5 in Armour
  1479 | D:5      | Entered Level 5 of the Dungeon
  1506 | D:5      | Reached skill level 5 in Shields
  1539 | D:5      | Reached skill level 6 in Axes
  1624 | D:5      | Slain by an ogre

Illustrated notes

Levels and vault maps discovered:
D:1:      evilmike_arrival_crescent, layout_basic
D:2:      layout_loops_ring, ashenzari_altar_1,
          nicolae_dithmenos_through_a_glass_darkly, nicolae_ru_path_of_blood
D:3:      minmay_angry_zag, layout_basic
D:4:      cheibrodos_helix_gallery, layout_rooms, lemuel_crystal_altar,
          serial_glass, glass_columns_c, glass_columns_b, due_unseen_surprise,
          feat_on_display, nicolae_ossuary_entry_false_entrances
D:5:      layout_loops_ring, first_ration, hangedman_decor_diamond_cutter

Skill      XL: |  1  2  3  4  5  6  7 |
---------------+----------------------+-----
Axes           | 3 4 5 6 |  6.4
Fighting       | 3 4 |  4.5
Armour         | 4 5 |  5.4
Shields        | 4 5 |  5.3

Action                   |  1- 3 |  4- 6 |  7- 9 || total
-------------------------+-------+-------+-------++-------
Melee: War axe           |    88 |   178 |    38 ||   304
 Abil: Heal Wounds       |     1 |     3 |     4 ||     8
  Eat: Ration            |       |     1 |       ||     1
       Chunk             |       |     1 |       ||     1
Armor: Scale mail        |    53 |    57 |    20 ||   130
Dodge: Dodged            |    24 |    29 |    12 ||    65
Block: Kite shield       |    46 |    73 |    22 ||   141

Table legend:
 A = Non-vault XP
 B = Vault XP
 C = Vault XP percentage of total XP
 D = Non-vault monster count
 E = Vault monster count
 F = Vault count percentage of total count
                 A         B        C        D         E       F
            +---------+---------+-------+---------+---------+-------
      Total |     913 |     325 |  26.3 |      39 |      35 |  47.3
            +---------+---------+-------+---------+---------+-------
        D:1 |       6 |       0 |   0.0 |       3 |       0 |   0.0
        D:2 |      51 |       0 |   0.0 |      15 |       0 |   0.0
        D:3 |      16 |       0 |   0.0 |       3 |       0 |   0.0
        D:4 |     441 |      73 |  14.2 |      13 |       2 |  13.3
        D:5 |     399 |       0 |   0.0 |       5 |       0 |   0.0
    Ossuary |       0 |     252 | 100.0 |       0 |      33 | 100.0
            +---------+---------+-------+---------+---------+-------
